 Dungeon Crawl Stone Soup version 0.24-a0-446-g87df7205b4 (console) character file.

Game seed: 16769357103273828264

82553 ssgaztpd the Brawler (level 15, -2/163 HPs)
             Began as a Troll Berserker on June 14, 2019.
             Was a High Priest of Trog.
             Slain by a +6 flail of crushing (16 damage)
             ... on level 1 of the Elven Halls on June 24, 2019.
             The game lasted 01:53:37 (26938 turns).

ssgaztpd the Brawler (Troll Berserker)             Turns: 26938, Time: 01:53:37

Health: -2/163     AC:  8    Str: 30    XL:     15   Next: 29%
Magic:  17/17      EV: 16    Int:  3    God:    Trog [*****.]
Gold:   2077       SH:  0    Dex: 13    Spells: 14/14 levels left

rFire    . . .     SeeInvis +     - Unarmed
rCold    . . .     Gourm    +   (no shield)
rNeg     + . .     Faith    +   O - +2 robe {MR+}
rPois    .         Spirit   .   (helmet restricted)
rElec    .         Reflect  .   (no cloak)
rCorr    .         Harm     .   (gloves unavailable)
MR       ++++.                  (boots unavailable)
Stlth    ++........             e - amulet of faith
HPRegen  1.77/turn              S - ring of positive energy (curse)
MPRegen  0.15/turn              M - ring of see invisible

@: regenerating
A: large, unfitting armour, claws 3, fast metabolism 3, gourmand, regeneration
1, shaggy fur 1, tough skin 3
a: Berserk, Trog's Hand, Brothers in Arms, Renounce Religion


You were on level 1 of the Elven Halls.
You worshipped Trog.
Trog was extremely pleased with you.
You were full.

You visited 4 branches of the dungeon, and saw 21 of its levels.

You collected 2266 gold pieces.
You spent 189 gold pieces at shops.

Inventory:

Hand Weapons
 I - a +0 falchion
Missiles
 x - 6 large rocks (quivered)
Armour
 a - a +1 animal skin
 n - a +2 robe of cold resistance
 z - +0 acid dragon scales
 O - a +2 robe of magic resistance (worn)
 W - a +0 robe of the Archmagi
Jewellery
 e - an amulet of faith (around neck)
 o - an uncursed ring of ice
 w - an uncursed ring of ice
 H - an uncursed ring of flight
 M - a ring of see invisible (right claw)
 S - a cursed ring of positive energy (left claw)
 U - a +3 amulet of reflection
Wands
 A - a wand of polymorph (36)
 G - a wand of iceblast (11)
 J - a wand of paralysis (14)
 K - a wand of random effects (15)
 N - a wand of acid (12)
 R - a wand of enslavement (7)
 T - a wand of digging (6)
Scrolls
 f - 7 scrolls of remove curse
 g - 5 scrolls of enchant armour
 k - 4 scrolls of teleportation
 p - 5 scrolls of immolation
 r - 5 scrolls of magic mapping
 s - a scroll of acquirement {unknown}
 v - a scroll of holy word {unknown}
 y - 6 scrolls of fear
 B - 4 scrolls of enchant weapon
 C - 4 scrolls of fog
 D - 3 scrolls of blinking
 E - 4 scrolls of vulnerability
 F - 2 scrolls of noise {unknown}
 L - a scroll of silence {unknown}
 Q - a scroll of identify
Potions
 c - 5 potions of curing
 d - 2 potions of cancellation
 h - 4 potions of agility
 i - 3 potions of magic
 j - 3 potions of invisibility
 l - 3 potions of might
 m - 2 potions of lignification
 q - 2 potions of haste
 t - 6 potions of flight
 u - 6 potions of brilliance
 P - a potion of mutation {unknown}
Comestibles
 b - 26 rations


   Skills:
 * Level 14.2 Fighting
 + Level 11.6 Dodging
 - Level 1.6 Stealth
 + Level 15.3 Unarmed Combat
 - Level 5.0 Evocations


You had 14 spell levels left.
You didn't know any spells.
Your spell library contained the following spells:

 Spells                   Type           Power        Failure   Level  Hunger
 Confusing Touch          Hex            #.....       52%         1    ##.....
 Magic Dart               Conj           #...         52%         1    ##.....
 Confuse                  Hex            #.......     88%         3    ####...
 Gell's Gravitas          Tloc           #.........   88%         3    ####...
 Fulminant Prism          Conj/Hex       #.........   99%         4    #####..
 Petrify                  Tmut/Erth      #.......     99%         4    #####..
 Fireball                 Conj/Fire      #.........   100%        5    ######.
 Metabolic Englaciation   Hex/Ice        #.........   100%        5    ######.
 Yara's Violent Unravell  Hex/Tmut       #.........   100%        5    ######.
 Conjure Ball Lightning   Conj/Air       #.........   100%        6    #######


Dungeon Overview and Level Annotations

Branches:
Dungeon (11/15)            Temple (0/1) D:7            Lair (6/6) D:9
 Shoals (0/4) Lair:4       Spider (0/4) Lair:2        Slime (0/5) Lair:5
    Orc (2/2) D:9             Elf (2/3) Orc:2

Altars:
Ashenzari
Cheibriados
Dithmenos
Elyvilon
Makhleb
Nemelex Xobeh
Okawaru
Vehumet
Beogh

Shops:
Orc:2 ([?%


Innate Abilities, Weirdness & Mutations

You are too large for most types of armour.
You have claws for hands.
Your metabolism is lightning-fast.
You like to eat raw meat.
Your natural rate of healing is unusually fast.
You are covered in fur. (AC +1)
You have extremely tough skin. (AC +3)


Message History

You are covered in liquid flames!
* * * LOW HITPOINT WARNING * * *
The +1 halberd of protection hits you from afar.
* * * LOW HITPOINT WARNING * * *
Things that are here:
a +0 dagger; a potion of curing You are covered in liquid flames!
* * * LOW HITPOINT WARNING * * *
Okay, then.
You are covered in liquid flames!
* * * LOW HITPOINT WARNING * * *
The +1 halberd of protection hits you from afar!
* * * LOW HITPOINT WARNING * * *
You feel better.
You are covered in liquid flames!
* * * LOW HITPOINT WARNING * * *
The +1 halberd of protection hits you from afar!!
* * * LOW HITPOINT WARNING * * *
The +6 flail of crushing hits you!
You die...

#.)#....#..#...)....#..'.........
#..#....#..#..####..#..#..####'#.
#..#....#..#..'..#..'..#..#....#.
#..#....#..#..#..#..#..#..#....#.
#..#....#..#..#..#..#..#..#....#.
#..#....#..#..####..#..#..###'##.
#..##+###..#........#..#.........
#..........#........#..#.........
#..........######[###..###'######
#..####'#.......(................
#..#....#.......@................
#..#....#....(....##'##.........#
#..#....#......####...####......#
#..#....#[)...##.........##.....'
#..#....#>...##...........##....#
#..#....#)))##.............##...#
#..#....#...#...###...###...#....
#..#....#...#...# #...# #...#....
#..######..##...###...###...##..#
#..........#......(..........#..#
#..........'.)...()(<.((.)...'..#


You could see 2 dancing weapons.

Vanquished Creatures
  Rupert (Lair:5)
  An orc warlord (Orc:2)
  2 deep elf annihilators (Elf:1)
  Snorg (Lair:3)
  The ghost of alpinistek the Thaumaturge, a journeyman DsFE of Sif Muna (Orc:1)
  2 fire dragons
  Harold (D:10)
  Erolcha (Orc:1)
  A hydra (Lair:3)
  A death yak (Lair:5)
  5 dancing weapons
  A two-headed ogre (D:8)
  An orc high priest (Orc:2)
  Sonja (Orc:2)
  7 deep elf knights
  Nergalle (Lair:3)
  2 deep elf archers
  3 orc knights (Orc:1)
  A swamp dragon (Lair:6)
  A wolf spider (Lair:6)
  2 orc sorcerers
  32 deep elf magi
  Joseph (D:7)
  5 elephants (Lair:3)
  12 spiny frogs
  7 black mambas
  5 rime drakes
  10 komodo dragons
  8 trolls
  2 hornets (Lair:6)
  34 blink frogs
  7 hippogriffs
  The ghost of xoxolimbo the Firebug, an amateur DsFE (D:4)
  7 dream sheep (Lair:6)
  A spriggan (D:9)
  5 air elementals (Elf:1)
  13 wyverns
  Sigmund (D:6)
  3 redbacks (Lair:6)
  16 yaks
  A water elemental (Elf:1)
  3 steam dragons (Lair:6)
  2 basilisks
  A fire elemental (Elf:1)
  2 wargs (Orc:2)
  Menkaure (D:5)
  An acid dragon (D:10)
  7 porcupines
  A swamp drake (Lair:6)
  20 water moccasins
  An ice beast (D:10)
  A black bear (D:9)
  37 orc warriors
  2 phantoms
  A sky beast (D:7)
  5 wolves (Lair:3)
  A hornet zombie (D:9)
  3 ogres (Orc:1)
  16 centaurs
  17 crocodiles
  20 bullfrogs
  A water moccasin zombie (D:9)
  5 scorpions
  13 wights
  4 howler monkeys
  2 crimson imps
  A centaur zombie (D:9)
  3 jellies
  2 quasits
  4 hounds
  An iron imp (D:5)
  11 orc priests
  A bullfrog skeleton (D:4)
  23 orc wizards
  2 centaur skeletons
  A gnoll shaman (D:8)
  15 worker ants
  2 iguanas
  A killer bee zombie (D:7)
  A bullfrog simulacrum (D:10)
  2 hound zombies
  5 worker ant zombies
  20 gnolls
  A howler monkey skeleton (D:7)
  15 adders
  3 shadow imps
  An adder zombie (D:9)
  An adder skeleton (D:5)
  3 worms
  3 dart slugs
  4 leopard geckos
  87 orcs
  6 bats
  11 giant cockroaches
  8 goblins
  5 hobgoblins
  7 jackals
  3 quokkas
  A ball python (D:4)
  5 frilled lizards
  2 jackal skeletons
  6 kobolds
  2 quokka skeletons
  6 rats
  A butterfly (Lair:3)
  2 fungi
  3 plants (Lair:6)
656 creatures vanquished.

Vanquished Creatures (collateral kills)
  2 hydras
  A guardian serpent (Lair:6)
  A black mamba (Lair:5)
  A spiny frog (Lair:6)
  A komodo dragon (Lair:5)
  3 redbacks (Lair:6)
9 creatures vanquished.

Vanquished Creatures (others)
  A wyvern (Lair:6)
  2 orcs (Orc:2)
  19 fungi
  33 plants
55 creatures vanquished.

Grand Total: 720 creatures vanquished

Notes
Turn   | Place    | Note
-------+----------+-------------------------------------------
     0 | D:1      | ssgaztpd the Troll Berserker began the quest for the Orb.
     0 | D:1      | Reached XP level 1. HP: 22/22 MP: 0/0
   108 | D:1      | Reached XP level 2. HP: 29/29 MP: 1/1
   606 | D:2      | Found an iron altar of Okawaru.
   646 | D:2      | Reached XP level 3. HP: 30/36 MP: 2/2
   679 | D:2      | Reached ** piety under Trog
   803 | D:2      | Reached skill level 4 in Unarmed Combat
   803 | D:2      | Reached XP level 4. HP: 34/44 MP: 3/3
  1512 | D:3      | Reached XP level 5. HP: 39/52 MP: 4/4
  1805 | D:3      | Reached skill level 5 in Unarmed Combat
  1841 | D:3      | Reached *** piety under Trog
  1868 | D:3      | Found a shadowy altar of Dithmenos.
  1868 | D:3      | Found a radiant altar of Vehumet.
  2020 | D:3      | Noticed a centaur
  2027 | D:3      | Killed a centaur
  2027 | D:3      | Reached XP level 6. HP: 56/61 MP: 5/5
  2206 | D:3      | Upgraded the game from 0.24-a0-433-gbe6fa4f6cc to
                  | 0.24-a0-439-g6dd8730de2
  2539 | D:4      | Found a runed translucent gate.
  2539 | D:4      | Found a runed translucent gate.
  2540 | D:4      | Found a runed translucent gate.
  2541 | D:4      | Noticed xoxolimbo's ghost (amateur DsFE)
  2579 | D:4      | Reached skill level 6 in Unarmed Combat
  2780 | D:4      | Reached XP level 7. HP: 67/67 MP: 6/6
  3026 | D:4      | Reached **** piety under Trog
  3113 | D:4      | Reached skill level 7 in Unarmed Combat
  3256 | D:4      | Killed xoxolimbo's ghost
  3293 | D:5      | Entered Level 5 of the Dungeon
  3301 | D:5      | Reached XP level 8. HP: 74/75 MP: 7/7
  3518 | D:5      | Noticed Menkaure
  3523 | D:5      | Killed Menkaure
  3523 | D:5      | Reached skill level 8 in Unarmed Combat
  3800 | D:5      | Found a snail-covered altar of Cheibriados.
  4193 | D:6      | Reached skill level 1 in Stealth
  4193 | D:6      | Reached skill level 9 in Unarmed Combat
  4194 | D:6      | Reached ***** piety under Trog
  4276 | D:6      | Noticed Sigmund
  4282 | D:6      | Reached skill level 5 in Dodging
  4290 | D:6      | Killed Sigmund
  4336 | D:6      | Found a sparkling altar of Nemelex Xobeh.
  4389 | D:6      | Reached XP level 9. HP: 82/84 MP: 8/8
  4482 | D:6      | Found a shattered altar of Ashenzari.
  4779 | D:6      | Reached skill level 10 in Unarmed Combat
  4821 | D:7      | Noticed Joseph
  4847 | D:7      | Killed Joseph
  4937 | D:7      | Found a staircase to the Ecumenical Temple.
  4955 | D:7      | Noticed a komodo dragon
  4964 | D:7      | Killed a komodo dragon
  5119 | D:7      | Received a gift from Trog
  5135 | D:7      | HP: 4/85 [orc warrior/+0 trident (27)]
  5140 | D:7      | HP: 5/127 [orc warrior/+0 trident (1)]
  5236 | D:7      | Reached skill level 11 in Unarmed Combat
  5681 | D:8      | Reached skill level 5 in Fighting
  6202 | D:8      | Reached XP level 10. HP: 80/96 MP: 9/9
  6278 | D:8      | Noticed a two-headed ogre
  6288 | D:8      | Killed a two-headed ogre
  6961 | D:9      | Found a roughly hewn altar of Beogh.
  6961 | D:9      | Found a staircase to the Orcish Mines.
  7014 | D:9      | Reached ****** piety under Trog
  7127 | D:9      | Found a white marble altar of Elyvilon.
  7131 | D:9      | Received a gift from Trog
  7435 | D:9      | Found a burning altar of Makhleb.
  7530 | D:9      | Found a burning altar of Makhleb.
  7576 | D:9      | Found a staircase to the Lair.
  7736 | Lair:1   | Entered Level 1 of the Lair of Beasts
  7816 | Lair:1   | Reached XP level 11. HP: 104/110 MP: 10/10
  7872 | Lair:1   | Reached skill level 12 in Unarmed Combat
  7912 | Lair:1   | You fall into a shaft and drop 1 floor!
  8314 | Lair:1   | You fall into a shaft and drop 1 floor!
  8735 | Lair:1   | Noticed a six-headed hydra
  8743 | Lair:1   | Killed a seven-headed hydra
  9245 | D:10     | Entered Level 10 of the Dungeon
  9379 | D:10     | Noticed Harold
  9394 | D:10     | Killed Harold
  9398 | D:10     | Reached skill level 1 in Evocations
  9674 | D:10     | Received a gift from Trog
 10508 | D:10     | Found a runed translucent door.
 10514 | D:10     | Noticed a deep elf mage
 10515 | D:10     | Noticed a deep elf archer
 10530 | D:10     | Killed a deep elf mage
 10542 | D:10     | Killed a deep elf archer
 10927 | Lair:2   | Found a hole to the Spider Nest.
 11034 | Lair:2   | Noticed a fire dragon
 11052 | Lair:2   | Killed a fire dragon
 11052 | Lair:2   | Reached XP level 12. HP: 124/124 MP: 12/12
 12076 | Lair:3   | Upgraded the game from 0.24-a0-439-g6dd8730de2 to
                  | 0.24-a0-441-g27f0392e16
 12149 | Lair:3   | Noticed an eight-headed hydra
 12156 | Lair:3   | Killed a nine-headed hydra
 12156 | Lair:3   | Reached skill level 10 in Fighting
 12267 | Lair:3   | Reached skill level 13 in Unarmed Combat
 12407 | Lair:3   | Received a gift from Trog
 12795 | Lair:3   | Noticed Snorg
 12808 | Lair:3   | Killed Snorg
 12900 | Lair:3   | Noticed Nergalle
 12914 | Lair:3   | Killed Nergalle
 13198 | Lair:4   | Found a staircase to the Shoals.
 14296 | Lair:5   | Reached XP level 13. HP: 94/137 MP: 15/15
 14584 | Lair:5   | Found a staircase to the Slime Pits.
 14721 | Lair:5   | Noticed Rupert
 14731 | Lair:5   | Killed Rupert
 14870 | Lair:5   | Received a gift from Trog
 15184 | Lair:6   | Entered Level 6 of the Lair of Beasts
 15844 | Lair:6   | Reached skill level 5 in Evocations
 15996 | Lair:6   | Reached skill level 10 in Dodging
 16347 | Lair:6   | Reached skill level 14 in Unarmed Combat
 16407 | Lair:6   | Received a gift from Trog
 17024 | Lair:6   | Noticed a fire dragon
 17351 | Lair:6   | Reached XP level 14. HP: 142/150 MP: 16/16
 17889 | Lair:6   | Paralysed by a hornet for 3 turns
 18529 | Orc:1    | Entered Level 1 of the Orcish Mines
 18575 | Orc:1    | Noticed Erolcha
 18602 | Orc:1    | Killed Erolcha
 18761 | Orc:1    | Noticed alpinistek's ghost (journeyman DsFE)
 18762 | Orc:1    | Found a runed translucent door.
 18778 | Orc:1    | Killed alpinistek's ghost
 18889 | Orc:2    | Entered Level 2 of the Orcish Mines
 19156 | Orc:2    | Found a runed translucent door.
 19275 | Orc:2    | Found a roughly hewn altar of Beogh.
 19350 | Orc:1    | Noticed Sonja
 19554 | Orc:2    | Received a gift from Trog
 21294 | Orc:2    | Noticed an orc warlord
 21308 | Orc:2    | Killed an orc warlord
 21998 | Orc:2    | Found a staircase to the Elven Halls.
 22059 | Orc:2    | Found Rukhary's Armour Shop.
 22059 | Orc:2    | Found Ykecwiuz's Magic Scroll Shoppe.
 22061 | Orc:2    | Found Fexziam's Food Emporium.
 22063 | Orc:2    | Found Hozijime's Weapon Boutique.
 22072 | Orc:2    | Bought a scroll of blinking for 135 gold pieces
 22072 | Orc:2    | Bought a scroll of teleportation for 54 gold pieces
 22245 | Orc:2    | Upgraded the game from 0.24-a0-441-g27f0392e16 to
                  | 0.24-a0-446-g87df7205b4
 22320 | Orc:2    | Killed Sonja
 22543 | Elf:1    | Entered Level 1 of the Elven Halls
 25060 | Elf:1    | Reached skill level 15 in Unarmed Combat
 25401 | Elf:1    | Reached XP level 15. HP: 162/162 MP: 17/17
 25770 | Elf:1    | Identified the Disquisition on Damage Dealing
 26938 | Elf:1    | Slain by a +6 flail of crushing

Levels and vault maps discovered:
D:1:      nicolae_arrival_memento_mori, layout_basic
D:2:      layout_loops_ring, kennysheep_okawaru_gauntlet
D:3:      layout_loops_ring, gammafunk_temple_overflow_elements, first_ration
D:4:      minmay_diamond_boxcup, layout_basic, gammafunk_ghost_necromancy
D:5:      layout_loops_ring, slow_altar_2, uniq_menkaure
D:6:      layout_rooms, old_standard_altar, lemuel_round_altar, uniq_sigmund
D:7:      layout_basic, minmay_temple_entry_sparse_star, uniq_joseph
D:8:      layout_basic
D:9:      layout_rooms, marbit_many_paths, elyvilon_altar_5,
          grunt_lair_entry_orc_guard_hut, david_orc_5, serial_curves,
          eino_curves_03, eino_curves_03, grunt_pizzeria, bloody_makhleb
D:10:     layout_layer_cave, enter_bailey_7, wad_hexagon, uniq_harold
D:11:     layout_cave_pools, minmay_between
Lair:1:   layout_regular_city, gauntlet_entry_generic, hibernation_bobbens,
          grunt_megastairs_1
Lair:2:   dragon1_lemuel, layout_loops_ring, nicolae_spider_entry_non_spiders,
          guppyfry_lair_drakes, infiniplex_staircase_pool
Lair:3:   layout_small_grid, lemuel_fruit_fields, uniq_snorg, uniq_nergalle
Lair:4:   layout_cave_pods, shoals_dummy_entry, nicolae_lair_grove_arrangements
Lair:5:   layout_misc_corridors, slime_dummy, grunt_forest_small_clearings,
          hangedman_lair_generics_rect, uniq_rupert
Lair:6:   guppyfry_lair_end_dragon, layout_small_grid,
          hangedman_lair_tendril_chambers
Orc:1:    layout_caves, ebering_ghost_inner_flame, uniq_erolcha, uniq_sonja
Orc:2:    st_orc_rangers, layout_caves, lightli_church_of_beogh
Elf:1:    minmay_elf_arrival_circle, layout_onion_city, minmay_elf_annihilation
Elf:2:    layout_rooms

Skill      XL: |  1  2  3  4  5  6  7  8  9 10 11 12 13 14 15 |
---------------+----------------------------------------------+-----
Dodging        | 3 4 5 6 7 8 9 10 11 | 11.6
Unarmed Combat | 4 5 6 7 9 11 12 13 14 15 | 15.3
Fighting       | 3 4 5 7 9 11 12 13 14 | 14.2
Stealth        | 1 |  1.6
Evocations     | 2 4 5 |  5.0

Action                   |  1- 3 |  4- 6 |  7- 9 | 10-12 | 13-15 || total
-------------------------+-------+-------+-------+-------+-------++-------
Melee: Unarmed           |    88 |   151 |   324 |   641 |   946 ||  2150
       Punch             |     2 |     3 |    11 |    51 |    78 ||   145
Throw: Large rock        |       |       |       |       |     8 ||     8
Invok: Berserk           |     1 |     1 |     4 |     7 |    15 ||    28
       Trog's Hand       |       |       |     3 |    11 |    30 ||    44
       Brothers in Arms  |       |       |       |     1 |     3 ||     4
Evoke: Wand              |       |       |       |     6 |       ||     6
  Use: Scroll            |       |    11 |     3 |     8 |     8 ||    30
       Potion            |       |       |       |       |    12 ||    12
 Stab: Sleeping          |     1 |     1 |     3 |     4 |     5 ||    14
       Paralysed         |       |       |       |     2 |       ||     2
       Distracted        |       |       |       |       |     3 ||     3
  Eat: Chunk             |    13 |    20 |    36 |    85 |   124 ||   278
       Ration            |       |       |       |       |     5 ||     5
Armor: Animal skin       |    38 |    40 |    37 |       |       ||   115
       Robe              |       |       |    52 |    72 |   168 ||   292
       Acid dragon scale |       |       |       |    82 |    34 ||   116
Dodge: Dodged            |    43 |    73 |   140 |   324 |   734 ||  1314

Table legend:
 A = Non-vault XP
 B = Vault XP
 C = Vault XP percentage of total XP
 D = Non-vault monster count
 E = Vault monster count
 F = Vault count percentage of total count
                 A         B        C        D         E       F
            +---------+---------+-------+---------+---------+-------
      Total |   72866 |   45068 |  38.2 |     459 |     201 |  30.5
            +---------+---------+-------+---------+---------+-------
        D:1 |      30 |       0 |   0.0 |      18 |       0 |   0.0
        D:2 |     117 |       0 |   0.0 |      24 |       0 |   0.0
        D:3 |     339 |       0 |   0.0 |      28 |       0 |   0.0
        D:4 |     439 |     459 |  51.1 |      25 |      12 |  32.4
        D:5 |     527 |     212 |  28.7 |      15 |       2 |  11.8
        D:6 |     809 |     212 |  20.8 |      20 |       1 |   4.8
        D:7 |    1286 |     460 |  26.3 |      29 |       1 |   3.3
        D:8 |    1897 |       0 |   0.0 |      29 |       0 |   0.0
        D:9 |    1541 |    2027 |  56.8 |      28 |      31 |  52.5
       D:10 |    2377 |    2409 |  50.3 |      32 |      10 |  23.8
       D:11 |      20 |       0 |   0.0 |       1 |       0 |   0.0
     Lair:1 |    5174 |    1410 |  21.4 |      23 |       6 |  20.7
     Lair:2 |     412 |    2504 |  85.9 |       4 |      13 |  76.5
     Lair:3 |    7627 |    1894 |  19.9 |      29 |       2 |   6.5
     Lair:4 |    2737 |       0 |   0.0 |      14 |       0 |   0.0
     Lair:5 |    3792 |    4854 |  56.1 |      13 |       8 |  38.1
     Lair:6 |   11337 |   12578 |  52.6 |      46 |      50 |  52.1
      Orc:1 |     865 |    4558 |  84.0 |       8 |      12 |  60.0
      Orc:2 |   11887 |    7174 |  37.6 |      39 |      47 |  54.7
      Elf:1 |   19058 |    4317 |  18.5 |      33 |       6 |  15.4
      Elf:2 |     595 |       0 |   0.0 |       1 |       0 |   0.0
            +---------+---------+-------+---------+---------+-------
